 Dungeon Crawl Stone Soup version 0.21-a0-578-gc6e9d75 (webtiles) character file.

13920 Ketzopolo the Spear-Bearer (level 12, -1/150 HPs)
             Began as a Merfolk Gladiator on Dec 18, 2017.
             Was an Elder of Makhleb.
             Succumbed to a black mamba's poison
             ... on level 2 of the Lair of Beasts.
             The game lasted 00:42:20 (13227 turns).

Ketzopolo the Spear-Bearer (Merfolk Gladiator)     Turns: 13227, Time: 00:42:21

Health: -1/150     AC: 20    Str: 24    XL:     12   Next: 11%
Magic:  18/18      EV: 17    Int:  7    God:    Makhleb [****..]
Gold:   425        SH:  0    Dex: 16    Spells: 11/11 levels left

rFire    + . .     SeeInvis .   b - +1 halberd (protect)
rCold    + . .     Gourm    .   (shield currently unavailable)
rNeg     . . .     Faith    .   u - +2 scale mail {rC+}
rPois    .         Spirit   .   c - +0 helmet
rElec    .         Reflect  .   (no cloak)
rCorr    .         Harm     .   (no gloves)
MR       .....                  H - +1 pair of boots
Stlth    ..........             B - amulet of regeneration
HPRegen  0.75/turn              o - ring of flight
MPRegen  0.16/turn              s - ring of protection from fire

@: berserking (expiring), lethally poisoned (-1 -> -17), protection aura, very
quick
A: change form in water, swift swim, stealthy swim
a: Minor Destruction, Lesser Servant of Makhleb, Major Destruction, Renounce
Religion, Evoke Flight


You were on level 2 of the Lair of Beasts.
You worshipped Makhleb.
Makhleb was greatly pleased with you.
You were not hungry.

You visited 3 branches of the dungeon, and saw 16 of its levels.
You also visited: Sewer.

You collected 785 gold pieces.
You spent 360 gold pieces at shops.

Inventory:

Hand Weapons
 a - a +0 trident
 b - a +1 halberd of protection (weapon)
Missiles
 v - 4 throwing nets (quivered)
 F - 6 javelins
Armour
 c - a +0 helmet (worn)
 u - a +2 scale mail of cold resistance (worn)
 H - a +1 pair of boots (worn)
 K - a +0 large shield
Jewellery
 o - a ring of flight (left hand)
 s - a ring of protection from fire (right hand)
 B - an amulet of regeneration (around neck)
Wands
 t - a wand of random effects (53)
 C - a wand of flame (40)
 E - a wand of acid (15)
 G - a wand of iceblast (7)
Scrolls
 h - 4 scrolls of teleportation
 k - 5 scrolls of remove curse
 l - 2 scrolls of immolation
 m - 2 scrolls of magic mapping
 p - 3 scrolls of identify
 q - a scroll of fear
 w - a scroll of enchant armour
 y - 2 scrolls of amnesia
 L - a scroll of torment {unknown}
Potions
 d - 2 potions of flight {unknown}
 e - a potion of haste
 g - 5 potions of brilliance
 i - 5 potions of curing
 j - 3 potions of agility
 n - 3 potions of lignification
 r - a potion of invisibility
 x - 8 potions of heal wounds
 z - a potion of ambrosia
 A - 2 potions of might
 I - 3 potions of degeneration {unknown}
Comestibles
 f - 31 rations
 J - 6 chunks of flesh


   Skills:
 * Level 11.5 Fighting
 - Level 14.0 Polearms
 - Level 2.0 Throwing
 + Level 5.5 Armour
 + Level 10.5 Dodging
 * Level 8.2 Invocations


You had 11 spell levels left.
You didn't know any spells.

Dungeon Overview and Level Annotations

Branches:
Dungeon (13/15)            Temple (1/1) D:4            Lair (2/6) D:9
    Orc (0/2) D:10
  Swamp: Lair:2-4    Shoals: Lair:2-4     Snake: Lair:2-4    Spider: Lair:2-4
 Vaults: D:13-14

Altars:
Ashenzari
Cheibriados
Dithmenos
Elyvilon
Fedhas
Gozag
Hepliaklqana
Kikubaaqudgha
Makhleb
Nemelex Xobeh
Okawaru
Qazlal
Ru
Sif Muna
Trog
Uskayaw
Vehumet
Wu Jian
Xom
Yredelemnul
Zin
The Shining One

Shops:
D:8 :=

Annotations:
D:5 2 transporters, Menkaure
D:12 Josephine


Message History

You are too berserk!
You are too berserk!
You are too berserk!
* * * LOW HITPOINT WARNING * * *
You feel sick.
You are too berserk!
You are too berserk!
You are too berserk!
You are too berserk!
You are too berserk!
You are too berserk!
You are too berserk!
You are too berserk!
You are too berserk!
You are too berserk!
You are too berserk!
You are too berserk!
You are too berserk!
You feel a strong urge to attack something.
You die...

.. ... ... . .
....... .... .+.
..... ....
......... ...#.
#.#.#.#.##.P#..
..?...........
.#.#.#.#.#..P..
.......@.4.#
.#.#.#.#<##.#
.......†.#
#.#.#.#.#.#
...........
#.#.#.#.#.....
................
.#.#.#.#.# .....
.... ..? P.##P


You could see a friendly orange demon.

Vanquished Creatures
  A hydra (D:8)
  2 two-headed ogres (D:9)
  Pikel (D:6)
  The ghost of Ezendos the Grappler, a novice DrGl (D:6)
  3 spiny frogs (Lair:1)
  A komodo dragon (D:9)
  A troll (D:10)
  Prince Ribbit (D:5)
  A hornet (D:11)
  2 dream sheep (D:8)
  A hippogriff (D:8)
  A wraith (D:12)
  23 yaks
  Eustachio (D:5)
  2 hungry ghosts
  Edmund (D:6)
  2 water moccasins
  2 porcupines (Lair:1)
  A phantom (D:6)
  2 sky beasts
  2 black bears
  An ice beast (D:8)
  A necrophage (D:8)
  3 ogres
  2 crocodiles (Lair:1)
  4 big kobolds
  Blork the orc (D:6)
  5 bullfrogs
  A wyvern zombie (D:8)
  3 scorpions
  10 wights
  2 howler monkeys (D:9)
  2 crimson imps
  2 quasits
  A jelly (D:11)
  7 hounds
  4 orc wizards
  3 centaur skeletons
  A bullfrog skeleton (D:6)
  3 iguanas
  Ijyb (D:3)
  Terence (D:2)
  8 worker ants
  2 hound skeletons
  A howler monkey zombie (D:4)
  4 worker ant zombies
  11 gnolls
  A howler monkey skeleton (D:4)
  13 adders
  8 river rats (Sewer)
  2 shadow imps
  An ooze (Sewer)
  An adder skeleton (D:10)
  3 worms
  6 leopard geckos
  18 orcs
  5 ball pythons
  6 giant cockroaches
  4 goblins
  8 hobgoblins
  4 jackals
  A quokka (D:7)
  8 bats
  10 frilled lizards
  20 kobolds
  A leopard gecko skeleton (D:4)
  A quokka skeleton (D:9)
  A quokka zombie (D:6)
  18 rats
  A plant (D:3)
277 creatures vanquished.

Vanquished Creatures (collateral kills)
  2 black mambas (Lair:2)
2 creatures vanquished.

Vanquished Creatures (others)
  2 slaves (D:6)
  An orc wizard (D:12)
  A worker ant (D:6)
  A jackal (D:6)
  2 fungi (Lair:1)
  A plant (D:9)
8 creatures vanquished.

Grand Total: 287 creatures vanquished

Notes
Turn   | Place    | Note
-------+----------+-------------------------------------------
     0 | D:1      | Ketzopolo the Merfolk Gladiator began the quest for the Orb.
     0 | D:1      | Reached XP level 1. HP: 16/16 MP: 1/1
   179 | D:1      | Reached XP level 2. HP: 21/23 MP: 2/2
   217 | D:1      | Reached skill level 5 in Polearms
   932 | D:2      | Noticed Terence
   944 | D:2      | Killed Terence
   944 | D:2      | Reached skill level 6 in Polearms
   944 | D:2      | Reached XP level 3. HP: 19/29 MP: 3/3
  1792 | D:3      | Reached XP level 4. HP: 31/35 MP: 4/4
  2187 | D:3      | Noticed Ijyb
  2209 | D:3      | Killed Ijyb
  2669 | D:3      | Reached skill level 7 in Polearms
  2669 | D:3      | Reached XP level 5. HP: 38/41 MP: 5/5
  2853 | D:4      | Reached skill level 8 in Polearms
  2853 | D:4      | Reached XP level 6. HP: 39/48 MP: 6/6
  3223 | D:4      | Reached skill level 9 in Polearms
  3237 | D:4      | Found a shattered altar of Ashenzari.
  3238 | D:4      | Found a hide-covered altar of Uskayaw.
  3242 | D:4      | Found a shadowy altar of Dithmenos.
  3391 | D:4      | Reached XP level 7. HP: 55/55 MP: 7/7
  3439 | D:4      | Found a staircase to the Ecumenical Temple.
  3445 | Temple   | Entered the Ecumenical Temple
  3603 | Temple   | Became a worshipper of Makhleb the Destroyer
  3699 | D:4      | Reached skill level 5 in Fighting
  3753 | D:5      | Entered Level 5 of the Dungeon
  3776 | D:5      | Found a transporter.
  3776 | D:5      | Noticed a wraith
  3781 | D:5      | Found a transporter.
  3781 | D:5      | Found an ancient bone altar of Kikubaaqudgha.
  3785 | D:5      | Noticed Menkaure
  3790 | D:5      | Noticed a vampire
  3791 | D:5      | Found a basalt altar of Yredelemnul.
  3953 | D:5      | Noticed Eustachio
  3971 | D:5      | Killed Eustachio
  3971 | D:5      | Reached skill level 10 in Polearms
  4366 | D:5      | Noticed Prince Ribbit
  4645 | D:5      | Killed Prince Ribbit
  4645 | D:5      | Reached skill level 11 in Polearms
  4645 | D:5      | Reached XP level 8. HP: 52/64 MP: 8/8
  4851 | D:6      | Noticed Edmund
  4861 | D:6      | Killed Edmund
  5100 | D:6      | Reached skill level 1 in Armour
  5241 | D:6      | Noticed Pikel
  5266 | D:6      | Killed Pikel
  5266 | D:6      | Reached skill level 12 in Polearms
  5266 | D:6      | Reached skill level 5 in Dodging
  5266 | D:6      | Reached XP level 9. HP: 59/71 MP: 9/9
  5292 | D:6      | Found a glowing drain.
  5351 | Sewer    | Entered a sewer
  5537 | Sewer    | Reached * piety under Makhleb
  6152 | D:6      | Noticed Blork the orc
  6170 | D:6      | Killed Blork the orc
  6248 | D:6      | Found a snail-covered altar of Cheibriados.
  6415 | D:6      | Reached skill level 13 in Polearms
  6562 | D:6      | Noticed Ezendos's ghost (novice DrGl)
  6947 | D:6      | Killed Ezendos's ghost
  7210 | D:6      | Reached ** piety under Makhleb
  7517 | D:7      | Reached XP level 10. HP: 80/80 MP: 10/10
  7563 | D:7      | Reached skill level 14 in Polearms
  8061 | D:8      | Found Gixof's Jewellery Emporium.
  8066 | D:8      | Bought an uncursed amulet of regeneration for 360 gold pieces
  8145 | D:8      | Reached skill level 1 in Invocations
  8274 | D:8      | Reached *** piety under Makhleb
  8288 | D:8      | Found a shattered altar of Ashenzari.
  8453 | D:8      | Noticed a two-headed hydra
  8466 | D:8      | Killed a two-headed hydra
  8731 | D:8      | Found Fautyguh's Book Emporium.
  8899 | D:9      | Noticed a two-headed ogre
  8912 | D:9      | Killed a two-headed ogre
  8912 | D:9      | Reached skill level 5 in Invocations
  8912 | D:9      | Reached XP level 11. HP: 70/90 MP: 14/14
  8961 | D:9      | Found an ornate altar of the Wu Jian Council.
  9103 | D:9      | Found a staircase to the Lair.
  9251 | D:9      | Reached skill level 10 in Fighting
  9612 | D:9      | Noticed a two-headed ogre
  9666 | D:9      | Killed a two-headed ogre
 10241 | D:10     | Entered Level 10 of the Dungeon
 10241 | D:10     | Found a stormy altar of Qazlal.
 10335 | D:10     | Found a staircase to the Orcish Mines.
 10495 | D:10     | You fall through a shaft for 3 floors!
 10533 | D:12     | Noticed an entropy weaver
 10533 | D:12     | Noticed a queen ant
 10533 | D:12     | Noticed an entropy weaver
 10535 | D:12     | Noticed a two-headed ogre
 10537 | D:12     | Noticed Josephine
 10542 | D:12     | Noticed a cyclops
 10545 | D:12     | Noticed a two-headed ogre
 10563 | D:12     | Reached **** piety under Makhleb
 10563 | D:12     | Reached skill level 5 in Armour
 11272 | Lair:1   | Entered Level 1 of the Lair of Beasts
 12434 | Lair:1   | Reached skill level 10 in Dodging
 13002 | Lair:1   | Reached XP level 12. HP: 100/100 MP: 17/17
 13224 | Lair:2   | HP: 4/150 [black mamba (12)]
 13226 | Lair:2   | HP: 1/150 [poisoned by a black mamba]
 13227 | Lair:2   | Succumbed to a black mamba's poison

Vault maps used:
D:1:      shiori_arrival_maze
D:2:      grunt_ministairs_9, kennysheep_boxes, uniq_crazy_yiuf_cottage,
          uniq_terence
D:3:      minmay_lizard_king, uniq_ijyb
D:4:      grunt_temple_overflow_open, minmay_temple_entry_enclosed_plants
D:5:      gammafunk_temple_of_torment, first_ration, grunt_decor_one_mirror,
          minivault_1, hangedman_abyss_or_decor_slice, uniq_eustachio,
          uniq_prince_ribbit1
D:6:      gup_sewer_entry_glass, cheibriados_altar_1, uniq_pikel, uniq_edmund,
          uniq_blork_the_orc
D:8:      serial_shops, shop, shop, hangedman_ranch, cheibrodos_ashenzari_chains
D:9:      kennysheep_mini_moat, david_lair_shrubbed
D:10:     orc_0_dummy, basic_altar
D:11:     serial_glass, glass_columns_c, glass_columns_b
D:12:     nrook_guardian_serpent_snake_passage, zaba_anthell, uniq_josephine
D:13:     hangedman_tree_tricks
Temple:   nicolae_temple_elliptical
Lair:1:   patterned_corridor
Lair:2:   minmay_swamp_entry_swarm, nicolae_spider_entry_orb_guardian,
          st_stairs_11, infiniplex_staircase_pool, uniq_erica, uniq_gastronok
Sewer:    sewer_minmay_treatment

Skill      XL: |  1  2  3  4  5  6  7  8  9 10 11 12 |
---------------+-------------------------------------+-----
Polearms       | 6 7 8 9 11 12 13 14 | 14.0
Fighting       | 3 4 5 6 7 9 11 | 11.5
Armour         | 2 3 4 5 |  5.5
Dodging        | 5 7 9 10 | 10.5
Invocations    | 5 7 8 |  8.2
Throwing       | |  2.0

Action                   |  1- 3 |  4- 6 |  7- 9 | 10-12 || total
-------------------------+-------+-------+-------+-------++-------
Melee: Trident           |    68 |       |       |    18 ||    86
       Halberd           |     9 |   196 |   374 |   497 ||  1076
       Tailslap          |       |       |     9 |       ||     9
       Glaive            |       |       |       |     5 ||     5
Throw: Throwing net      |       |       |     7 |       ||     7
Invok: Minor Destruction |       |       |       |     2 ||     2
       Lesser Servant of |       |       |       |     1 ||     1
Evoke: Wand              |       |       |     6 |       ||     6
  Use: Scroll            |       |    11 |     5 |     8 ||    24
       Potion            |       |       |     2 |     6 ||     8
 Stab: Invisible         |       |       |       |     2 ||     2
  Eat: Chunk             |     3 |     5 |    10 |    13 ||    31
       Ration            |       |       |     1 |     2 ||     3
Armor: Leather armour    |     6 |       |       |       ||     6
       Scale mail        |     7 |    97 |    81 |   134 ||   319
Dodge: Dodged            |    30 |   102 |   142 |   301 ||   575

Table legend:
 A = Spawn XP
 B = Non-spawn XP
 C = Spawn XP percentage of total XP
 D = Spawn monster count
 E = Non-spawn monster count
 F = Spawn count percentage of total count
 G = Total turns spent on level
                    A         B        C        D         E        F      G
               +---------+---------+-------+---------+---------+-------+---------
         Total |       0 |   19887 |   0.0 |       0 |     278 |   0.0 | 13227
               +---------+---------+-------+---------+---------+-------+---------
           D:1 |       0 |      22 |   0.0 |       0 |      11 |   0.0 |   705
           D:2 |       0 |      57 |   0.0 |       0 |      12 |   0.0 |  1064
           D:3 |       0 |      89 |   0.0 |       0 |      27 |   0.0 |   885
           D:4 |       0 |     585 |   0.0 |       0 |      20 |   0.0 |  1177
           D:5 |       0 |     483 |   0.0 |       0 |       4 |   0.0 |  1271
           D:6 |       0 |    3054 |   0.0 |       0 |      33 |   0.0 |  1400
           D:7 |       0 |     773 |   0.0 |       0 |      17 |   0.0 |   614
           D:8 |       0 |    3459 |   0.0 |       0 |      37 |   0.0 |   835
           D:9 |       0 |    4204 |   0.0 |       0 |      23 |   0.0 |  1684
          D:10 |       0 |    1202 |   0.0 |       0 |      15 |   0.0 |   946
          D:11 |       0 |     393 |   0.0 |       0 |       6 |   0.0 |   811
          D:12 |       0 |     248 |   0.0 |       0 |       2 |   0.0 |    40
          D:13 |       0 |      46 |   0.0 |       0 |       1 |   0.0 |    38
        Lair:1 |       0 |    4026 |   0.0 |       0 |      19 |   0.0 |   805
        Lair:2 |       0 |     956 |   0.0 |       0 |       3 |   0.0 |    30
         Sewer |       0 |     290 |   0.0 |       0 |      48 |   0.0 |   749
               +---------+---------+-------+---------+---------+-------+---------
